 Dungeon Crawl Stone Soup version 0.25-a0-166-g16436c4407 (webtiles) character file.

Game seed: 6750876435251045906, levelgen mode: deterministic

1727 MrRokkomies the Grappler (level 9, -2/81 (82) HPs)
             Began as a Ghoul Monk on Nov 23, 2019.
             Was a Priest of Wu Jian.
             Slain by a gnoll
             ... wielding a +0 halberd
              (5 damage)
             ... on level 3 of the Dungeon.
             The game lasted 00:17:25 (5494 turns).

MrRokkomies the Grappler (Ghoul Monk)               Turns: 5494, Time: 00:17:27

HP:   -2/81 (82)    AC:  9    Str: 22 (23) XL:     9   Next: 5%
MP:   8/8           EV:  9    Int:  9 (10) God:    Wu Jian [***...]
Gold: 360           SH:  0    Dex:  9 (11) Spells: 8/8 levels left

rFire    . . .     SeeInvis .     - Unarmed
rCold    + . .     Gourm    .   (no shield)
rNeg     + + +     Faith    .   q - +1 chain mail
rPois    ∞         Spirit   .   (no helmet)
rElec    .         Reflect  .   (no cloak)
rCorr    .         Harm     .   (no gloves)
MR       .....                  (no boots)
Stlth    ..........             c - amulet of the acrobat
HPRegen  0.00/turn              (no ring)
MPRegen  0.11/turn              (no ring)

@: mighty, brilliant, very slightly contaminated, rotting, glowing
A: rotting body, claws 1, carnivore, cold resistance 1, negative energy
resistance 3, inhibited regeneration, torment resistance, unbreathing
a: Wall Jump, Serpent's Lash, Renounce Religion


You were on level 3 of the Dungeon.
You worshipped Wu Jian.
Wu Jian was most pleased with you.
You were not hungry.

You visited 2 branches of the dungeon, and saw 7 of its levels.

You collected 360 gold pieces.

Inventory:

Missiles
 g - 15 poisoned darts (quivered)
 h - 2 javelins
 i - 11 boomerangs
Armour
 q - a +1 chain mail (worn)
Jewellery
 c - an amulet of the acrobat (around neck)
Wands
 a - a wand of polymorph (6)
 o - a wand of paralysis (8)
Scrolls
 m - a scroll of identify
Potions
 e - 2 potions of resistance
 j - a potion of brilliance
 l - 3 potions of curing
Comestibles
 b - 13 rations
 k - 7 chunks of flesh


   Skills:
 * Level 8.5 Fighting
 + Level 5.2 Dodging
 - Level 2.1 Stealth
 * Level 8.5 Unarmed Combat


You had 8 spell levels left.
You didn't know any spells.
Your spell library contained the following spells:

 Spells                   Type           Power        Failure   Level  Hunger
 Shock                    Conj/Air       #...         36%         1    ##.....
 Swiftness                Chrm/Air       #.......     47%         2    ###....
 Static Discharge         Conj/Air       #.......     69%         3    ####...
 Airstrike                Air            #.........   95%         4    #####..
 Lightning Bolt           Conj/Air       #.........   100%        5    ######.


Dungeon Overview and Level Annotations

Branches:
Dungeon (6/15)             Temple (1/1) D:4

Altars:
Ashenzari
Cheibriados
Dithmenos
Elyvilon
Fedhas
Gozag
Hepliaklqana
Makhleb
Nemelex Xobeh
Okawaru
Qazlal
Ru
Sif Muna
Trog
Uskayaw
Vehumet
Wu Jian
Xom
The Shining One

Annotations:
D:6 3 runed translucent doors, Fukker's ghost, novice DsIE


Innate Abilities, Weirdness & Mutations

Your body is rotting away.
You thrive on raw meat.
You are immune to poison.
You have sharp fingernails.
You are carnivorous and can eat meat at any time.
Your flesh is cold resistant. (rC+)
You are immune to negative energy. (rN+++)
You do not regenerate when monsters are visible.
You are immune to unholy pain and torment.
You can survive without breathing.


Message History

The gnoll shaman hits you but does no damage.
The gnoll shaman hits you with a +0 club.
* * * LOW HITPOINT WARNING * * *
The gnoll shaman hits you with a +0 whip.
* * * LOW HITPOINT WARNING * * *
Aiming: Wall Jump
Press: ? - help, Dir - move target cursor You repeatedly attack the gnoll shaman from above.
You barely miss the gnoll shaman. You closely miss the gnoll shaman.
You repeatedly attack the gnoll shaman from above.
You claw the gnoll shaman!
The gnoll shaman is severely wounded.
You claw the gnoll shaman!
You kill the gnoll shaman!
The Council accepts your kill.
The gnoll shaman hits you with a +0 whip.
* * * LOW HITPOINT WARNING * * *
The gnoll shaman hits you but does no damage. x2
The gnoll hits you from afar with a +0 halberd.
You die...

≈≈.# #....########....# ≈≈.#
#......((g.g#....#.. ≈≈.#
##''#.)gg)gg§.≈≈.... ≈≈.#
#..g.g(g(.≈≈.... ≈≈.#
#....gg.#....#.. ≈≈.#
#g##################'# ≈≈.#
#.g)..).'....))......# ≈≈.#
#...gggg#....#.....^.# ≈###+#
#.....°@#...)#.......#
≈#...#############''')###########
≈#ggg#..)............)...........
≈#####≈≈≈≈≈≈≈≈≈≈≈≈..))≈≈≈≈≈≈≈≈≈≈≈
≈≈≈≈≈≈≈≈≈≈≈≈≈≈≈≈≈≈.).)≈≈≈≈≈≈≈≈≈≈≈
≈≈≈≈≈≈≈≈≈≈≈≈≈≈≈≈≈≈...)≈≈≈≈≈≈≈≈≈≈≈
.................................
#####.####.######....)....##.####
#.# #.# #.)......#.........


You could see 3 gnoll shamans and 3 gnolls.

Vanquished Creatures
  A water moccasin (D:5)
  2 sky beasts (D:6)
  A phantom (D:5)
  3 scorpions
  A water moccasin skeleton (D:6)
  3 howler monkeys
  5 wights (D:6)
  A crimson imp (D:5)
  A hound (D:6)
  An orc priest (D:3)
  2 gnoll shamans
  An orc wizard (D:2)
  2 worker ants
  3 iguanas
  2 hound zombies (D:5)
  29 gnolls
  6 adders
  2 oozes
  An adder zombie (D:5)
  4 worms
  A dart slug (D:2)
  6 leopard geckos
  21 orcs
  A ball python (D:1)
  6 bats
  4 giant cockroaches
  9 goblins
  4 hobgoblins
  22 jackals
  7 kobolds
  4 quokkas
  8 frilled lizards
  A leopard gecko skeleton (D:3)
  A leopard gecko zombie (D:5)
  A quokka zombie (D:6)
  7 rats
174 creatures vanquished.

Notes
Turn   | Place    | Note
-------+----------+-------------------------------------------
     0 | D:1      | MrRokkomies the Ghoul Monk began the quest for the Orb.
     0 | D:1      | Reached XP level 1. HP: 19/19 MP: 0/0
    78 | D:1      | Reached XP level 2. HP: 26/26 MP: 1/1
   629 | D:1      | Reached XP level 3. HP: 33/33 MP: 2/2
  1045 | D:2      | Reached XP level 4. HP: 33/40 MP: 3/3
  1920 | D:2      | Reached XP level 5. HP: 42/47 MP: 4/4
  2151 | D:3      | Reached skill level 5 in Unarmed Combat
  2452 | D:3      | Reached skill level 5 in Fighting
  2671 | D:3      | Reached XP level 6. HP: 39/56 MP: 5/5
  2774 | D:4      | Found a radiant altar of Vehumet.
  2994 | D:4      | Found a blossoming altar of Fedhas.
  3062 | D:4      | Found a staircase to the Ecumenical Temple.
  3069 | Temple   | Entered the Ecumenical Temple
  3287 | Temple   | Became a worshipper of the Wu Jian Council
  3287 | Temple   | Reached * piety under Wu Jian
  3287 | Temple   | Reached ** piety under Wu Jian
  3789 | D:5      | Entered Level 5 of the Dungeon
  3808 | D:5      | Reached XP level 7. HP: 59/62 MP: 6/6
  4424 | D:5      | Found a hazy altar of Hepliaklqana.
  4603 | D:6      | Reached XP level 8. HP: 64/71 MP: 7/7
  4690 | D:6      | Reached *** piety under Wu Jian
  4797 | D:6      | Found a runed translucent gate.
  4797 | D:6      | Found a runed translucent gate.
  4797 | D:6      | Found a runed translucent gate.
  4797 | D:6      | Noticed Fukker's ghost (novice DsIE)
  5037 | D:6      | Reached skill level 5 in Dodging
  5049 | D:6      | Found a snail-covered altar of Cheibriados.
  5462 | D:3      | Reached XP level 9. HP: 72/82 MP: 8/8
  5494 | D:3      | HP: 3/81 [gnoll shaman/+0 whip (3)]
  5494 | D:3      | Slain by a gnoll

Levels and vault maps discovered:
D:1:      minmay_arrival_nine_rooms, layout_basic
D:2:      layout_basic, kennysheep_generic_room_11
D:3:      lemuel_castle_with_subvaults [lemuel_castle_interior_carwin_3],
          layout_loops_ring, first_ration
D:4:      layout_loops_cross, old_standard_altar, vehumet_crystals,
          minmay_temple_entry_sparse_star, kennysheep_another_room,
          wad_floor_pattern_1
D:5:      layout_loops_ring, overflow_temple_1_default, serial_bayou_lagoon_a
D:6:      layout_rooms, old_standard_altar, gammafunk_ghost_nasty_kobolds
Temple:   regret_index_temple_generic_petals

Skill      XL: |  1  2  3  4  5  6  7  8 |
---------------+-------------------------+-----
Dodging        | 3 4 5 |  5.2
Unarmed Combat | 4 5 6 8 |  8.5
Fighting       | 4 5 6 8 |  8.5
Stealth        | |  2.1

Action                   |  1- 3 |  4- 6 |  7- 9 || total
-------------------------+-------+-------+-------++-------
Melee: Unarmed           |    92 |   267 |   312 ||   671
       Punch             |       |     2 |     6 ||     8
Throw: Dart              |     9 |     8 |       ||    17
Invok: Whirlwind         |       |     9 |    66 ||    75
       Lunge             |       |     3 |    26 ||    29
 Abil: Wall Jump         |       |       |     5 ||     5
  Use: Scroll            |     2 |     5 |     5 ||    12
       Potion            |       |       |     4 ||     4
 Stab: Sleeping          |     4 |       |       ||     4
  Eat: Chunk             |     7 |    29 |    21 ||    57
Armor: Robe              |     8 |       |       ||     8
       Ring mail         |     1 |       |       ||     1
       Scale mail        |       |    50 |       ||    50
       Chain mail        |       |    71 |   107 ||   178
Dodge: Dodged            |    67 |   167 |   111 ||   345

Table legend:
 A = Non-vault XP
 B = Vault XP
 C = Vault XP percentage of total XP
 D = Non-vault monster count
 E = Vault monster count
 F = Vault count percentage of total count
                 A         B        C        D         E       F
            +---------+---------+-------+---------+---------+-------
      Total |    2104 |     364 |  14.7 |     137 |      37 |  21.3
            +---------+---------+-------+---------+---------+-------
        D:1 |      42 |       0 |   0.0 |      22 |       0 |   0.0
        D:2 |     118 |       6 |   4.8 |      33 |       3 |   8.3
        D:3 |      87 |     358 |  80.4 |      13 |      34 |  72.3
        D:4 |     290 |       0 |   0.0 |      20 |       0 |   0.0
        D:5 |     492 |       0 |   0.0 |      19 |       0 |   0.0
        D:6 |    1075 |       0 |   0.0 |      30 |       0 |   0.0
            +---------+---------+-------+---------+---------+-------
